 Dungeon Crawl Stone Soup version 0.30-a0-953-g5f1da4a474 (webtiles) character file.

Game seed: 15284341182622972268

583 Jackthecabe the Conjurer (level 7, -3/50 HPs)
             Began as a Mummy Conjurer on Mar 28, 2023.
             Was an Initiate of Ru.
             Slain by Menkaure (5 damage)
             ... on level 5 of the Dungeon.
             The game lasted 00:09:27 (5701 turns).

Jackthecabe the Conjurer (Mummy Conjurer)           Turns: 5701, Time: 00:09:28

Health: -3/50      AC:  3    Str: 10    XL:     7   Next: 14%
Magic:  0/11       EV: 11    Int: 20    God:    Ru [......]
Gold:   339        SH:  0    Dex: 10    Spells: 6/12 levels left

rFire   . . .      SeeInvis .    (no weapon)
rCold   + . .      Faith    +    (no shield)
rNeg    + + +      Spirit   .    a - +0 robe
rPois   ∞          Reflect  .    i - +0 helmet
rElec   .          Rampage  .    (no cloak)
rCorr   .                        (no gloves)
Will    .....                    (no boots) Stlth
                                 (no amulet)
HPRegen 0.28/turn                F - ring of protection from fire
MPRegen 0.12/turn                (no ring)

@: freezing walls
A: cold resistance 1, negative energy resistance 3, torment resistance 2, heat
vulnerability 1, no stealth, in touch with death 1, no potions, faith
a: Renounce Religion


You were on level 5 of the Dungeon.
You worshipped Ru.
Ru was noncommittal.
You visited 2 branches of the dungeon, and saw 6 of its levels.

You collected 339 gold pieces.


Innate Abilities, Weirdness & Mutations

You are immune to poison.
Your flesh is cold resistant. (rC+)
You are immune to negative energy. (rN+++)
You are immune to unholy pain and torment.
You are vulnerable to heat. (rF-)
You cannot be stealthy.
You are in touch with the powers of death.
You do not drink.
You have a special connection with the divine. (Faith)


   Skills:
 - Level 2.0 Fighting
 - Level 1.5 Dodging
 - Level 3.0 Spellcasting
 + Level 4.8 Conjurations
 + Level 2.1 Fire Magic
 - Level 4.0 Ice Magic


You had 6 spell levels left.
You knew the following spells:

 Your Spells              Type           Power      Damage    Failure   Level
f - Frozen Ramparts       Ice            38%        1d6       9%          3
m - Magic Dart            Conj           88%        1d7       1%          1
s - Searing Ray           Conj           44%        2d6       3%          2

Your spell library contained the following spells:

 Spells                   Type           Power      Damage    Failure   Level
 Freeze                   Ice            76%        1d8       2%          1
 Hailstorm                Conj/Ice       20%        3d6       7%          3
 Dazzling Flash           Conj/Hex       24%        N/A       16%         3
 Fulminant Prism          Conj/Hex       6%         3d7       45%         4
 Iskenderun's Mystic Bla  Conj/Tloc      12%        2d5       45%         4
 Yara's Violent Unravell  Hex/Tmut       1%         3d3       98%         5
 Starburst                Conj/Fire      8%         6d4       99%         6
 Enfeeble                 Hex            1%         N/A       100%        7

Inventory:

Hand Weapons
 n - a +2 whip of electrocution
Armour
 a - a +0 robe (worn)
 i - a +0 helmet (worn)
Jewellery
 F - a ring of protection from fire (left hand)
Wands
 k - a wand of iceblast (5)
Scrolls
 b - 8 scrolls of identify {unknown}
 c - a scroll of fear {unknown}
 d - a scroll of acquirement {unknown}
 e - a scroll of fog {unknown}
 f - a scroll of blinking {unknown}
 g - 3 scrolls of teleportation {unknown}
 h - a scroll of silence {unknown}
 j - a scroll of enchant weapon {unknown}
 l - a scroll of poison {unknown}
 m - a scroll of brand weapon {unknown}

Dungeon Overview and Level Annotations

Branches:
Dungeon (5/15)             Temple (1/1) D:5

Altars:
Ashenzari
Fedhas
Hepliaklqana
Kikubaaqudgha
Makhleb
Qazlal
Ru
Sif Muna
Trog
Uskayaw
Vehumet
Xom

Shops:
D:4 *

Annotations:
D:5 Menkaure

....#### #.##
####.....#
#......####.##
##........#
.....#.......###
###..########
#.##...####....###...##
#.####.## #.##......##
#.# #.h###.######..####
..# ##.....#
#...!..###### .##
###..## ###M####......#
.# #..####.@.# ##.....#
.#########..#...###
#.....#
....##........###
#.....# #......##.##.##
#...[.# #)...####.##.#
###..## ###..# #.##.#
##.## #...## #.##..
#####..# #h### #.####
#>.....# h.# ...
###.######


You could see Menkaure (fast).


Message History

(Press . to maintain the ray.)
Your Fire Magic skill increases to level 2!
The searing ray hits Menkaure.
Menkaure is heavily damaged.
The frozen ramparts melt away.
Menkaure casts a spell.
Menkaure seems to speed up.
Without enough magic to sustain it, your searing ray dissipates.
Menkaure attacks as you move away! Menkaure barely misses you.
Menkaure hits you but does no damage. Menkaure hits you!
You see here a smoky amethyst potion.
Menkaure attacks as you move away! Menkaure misses you.
Menkaure attacks as you move away! Menkaure hits you!
* * * LOW HITPOINT WARNING * * *
Casting: Searing Ray (safe; 3% risk of failure)
Confirm with . or Enter, or press ? or * to list all spells.
You don't know that spell.
Casting: Searing Ray (safe; 3% risk of failure)
Confirm with . or Enter, or press ? or * to list all spells.
You don't know that spell.
Casting: Searing Ray (safe; 3% risk of failure)
Confirm with . or Enter, or press ? or * to list all spells.
Casting: Frozen Ramparts (dangerous; 9% risk of failure)
Press: ? - help, Dir - look around, f - activate The walls around you are covered in ice.
Menkaure resists.
The wall freezes Menkaure.
Menkaure hits you!
* * * LOW HITPOINT WARNING * * *
Menkaure resists.
The wall freezes Menkaure.
Menkaure hits you.
You die...

Skill      XL: |  1  2  3  4  5  6  7 |
---------------+----------------------+-----
Spellcasting   | 3 |  3.0
Conjurations   | 4 |  4.8
Ice Magic      | 1 3 4 |  4.0
Fighting       | 1 2 |  2.0
Fire Magic     | 1 2 |  2.1
Stealth        | 0 |  0.0
Dodging        | |  1.5

Action                     |  1- 3 |  4- 6 |  7- 9 || total
---------------------------+-------+-------+-------++-------
  Melee: Unarmed           |     2 |    28 |     1 ||    31
         Punch             |       |     1 |       ||     1
   Cast: Magic Dart        |    71 |   105 |     2 ||   178
         Searing Ray       |     9 |    18 |     2 ||    29
         Frozen Ramparts   |       |     8 |     2 ||    10
 Invoke: Sacrifice Stealth |       |       |     1 ||     1
 Armour: Robe              |     2 |    21 |     2 ||    25
  Dodge: Dodged            |     8 |    75 |     5 ||    88

Levels and vault maps discovered:
D:1:      lightli_arrival_maybe_door_vault, layout_basic,
          hangedman_decor_clover_reticule, kennysheep_small_spiral,
          chequers_serial_rivers_small_b
D:2:      layout_rooms
D:3:      layout_rooms, mainiacjoe_overflow_brackets, lemuel_crystal_altar,
          uniq_robin
D:4:      layout_basic, makhleb_blood_cavern_becter, serial_shops, shop,
          grunt_decor_fettered, corexii_leaking_fountain
D:5:      layout_rooms, minmay_temple_entry_mist, minmay_misc_feat_room,
          uniq_menkaure
Temple:   chequers_temple_sunken

Notes
Turn   | Place    | Note
-------+----------+-------------------------------------------
     0 | D:1      | Jackthecabe the Mummy Conjurer began the quest for the Orb.
     0 | D:1      | Reached XP level 1. HP: 13/13 MP: 4/4
   267 | D:1      | Reached skill level 3 in Spellcasting
   371 | D:1      | Reached XP level 2. HP: 19/19 MP: 1/6
   414 | D:1      | Learned a level 2 spell: Searing Ray
  1124 | D:2      | Reached skill level 4 in Conjurations
  1162 | D:2      | Gained mutation: You are in touch with the powers of death.
                  | [Mummy growth]
  1162 | D:2      | Reached XP level 3. HP: 24/24 MP: 3/7
  1302 | D:2      | Reached skill level 1 in Ice Magic
  1973 | D:2      | Reached XP level 4. HP: 23/30 MP: 0/8
  2077 | D:2      | Reached skill level 2 in Ice Magic
  2515 | D:3      | Noticed Robin
  2651 | D:2      | Reached skill level 3 in Ice Magic
  2694 | D:2      | Killed Robin
  2695 | D:2      | Reached XP level 5. HP: 14/35 MP: 3/9
  2873 | D:3      | Found a hazy altar of Hepliaklqana.
  3042 | D:3      | Found a sacrificial altar of Ru.
  3057 | D:3      | Became a worshipper of Ru the Awakened
  4107 | D:4      | Found Jexaz's Assorted Antiques.
  4164 | D:4      | Reached skill level 4 in Ice Magic
  4164 | D:4      | Reached skill level 1 in Fighting
  4168 | D:4      | Learned a level 3 spell: Frozen Ramparts
  4352 | D:4      | Reached XP level 6. HP: 43/43 MP: 5/10
  4454 | D:4      | Found a burning altar of Makhleb.
  4763 | D:5      | Entered Level 5 of the Dungeon
  4821 | D:5      | Reached skill level 1 in Fire Magic
  4927 | D:5      | Reached skill level 2 in Fighting
  5143 | D:5      | Reached XP level 7. HP: 49/50 MP: 1/11
  5279 | D:5      | Found a staircase to the Ecumenical Temple.
  5296 | Temple   | Entered the Ecumenical Temple
  5467 | D:5      | Gained mutation: You cannot be stealthy. [Ru sacrifice]
  5467 | D:5      | Reduced skill Stealth to level 0
  5663 | D:5      | Noticed Menkaure
  5679 | D:5      | Reached skill level 2 in Fire Magic
  5701 | D:5      | HP: 2/50 [Menkaure (16)]
  5701 | D:5      | Slain by Menkaure

Vanquished Creatures
  A black bear (D:5)
  2 scorpions (D:5)
  3 hounds
  An orc wizard (D:3)
  Robin (D:2)
  4 gnolls (D:4)
  8 adders
  A shadow imp (D:3)
  A white imp (D:3)
  3 worms
  7 orcs
  8 ball pythons
  5 bats
  6 endoplasms
  4 giant cockroaches
  12 goblins
  13 hobgoblins
  17 jackals
  2 quokkas (D:1)
  3 frilled lizards
  5 kobolds
  4 rats
111 creatures vanquished.

Table legend: (Time is in decaauts)
 A = Elapsed time spent in this place.
 B = Non-inter-level travel time spent in this place.
 C = Inter-level travel time spent in this place.
 D = Time resting spent in this place.
 E = Time spent auto-exploring this place.
 F = Levels seen in this place.
 G = Mean time per level.
                   A        B        C        D        E       F      G
               +--------+--------+--------+--------+--------+-----+--------+
         Total |   5756 |   5567 |    189 |    480 |   4272 |   6 |  959.3 |
       Dungeon |   5544 |   5386 |    158 |    480 |   4099 |   5 | 1108.8 |
        Temple |    211 |    180 |     31 |      0 |    173 |   1 |  211.0 |
               +--------+--------+--------+--------+--------+-----+--------+

Top non-repeatable levels by time:
     D:4: 1410 daAuts
     D:2: 1403 daAuts
     D:1: 1027 daAuts
     D:3: 929 daAuts
     D:5: 772 daAuts
  Temple: 211 daAuts

Table legend:
 A = Non-vault XP
 B = Vault XP
 C = Vault XP percentage of total XP
 D = Non-vault monster count
 E = Vault monster count
 F = Vault count percentage of total count
                 A         B        C        D         E       F
            +---------+---------+-------+---------+---------+-------
      Total |     751 |      82 |   9.8 |      98 |      13 |  11.7
            +---------+---------+-------+---------+---------+-------
        D:1 |      23 |       0 |   0.0 |      13 |       0 |   0.0
        D:2 |      81 |      23 |  22.1 |      31 |       5 |  13.9
        D:3 |     102 |      14 |  12.1 |      21 |       7 |  25.0
        D:4 |     172 |      45 |  20.7 |      20 |       1 |   4.8
        D:5 |     373 |       0 |   0.0 |      13 |       0 |   0.0
            +---------+---------+-------+---------+---------+-------
